Map: Acid Plant LE

Players

DarkTemplar

  • Race: Terran Terran
  • League: Gold
  • Spawn Location: 11:00

fruitcake - Winner!

  • Race: Terran Terran
  • Spawn Location: 5:00

VOD

Have the link to the VOD?

Description

Time

  • Played on: May 9, 2018, 4:50 p.m.
  • Length: 6:02
Show
View Real Time Build Order
Export as new Build Order

DarkTemplar Terran 

Build Orders:  

Get SALT Encoding   

  12  0:04  SCV  
  13  0:18  SCV, Supply Depot  
  14  0:31  SCV  
  15  0:43  Supply Depot  
  15  0:46  Barracks  
  15  0:51  SCV  
  16  0:57  Refinery  
  16  1:03  SCV  
  17  1:16  Barracks  
  17  1:18  SCV  
  18  1:30  SCV  
  19  1:40  Marine  
  19  1:43  SCV  
  21  1:55  SCV  
  21  1:58  Reaper  
  22  2:21  Barracks  
  22  2:30  Marine  
  23  2:39  Marine  
  24  2:48  Marine  
  25  2:56  Marine  
  25  2:57  SCV, Barracks  
  27  3:06  Marine  
  27  3:07  Marine  
  29  3:14  Marine, Barracks  
  30  3:23  Marine, Orbital Command, Supply Depot  
  31  3:31  Supply Depot  
  31  3:37  Marine  
  31  3:40  Barracks Reactor  
  28  3:55  Marine  
  29  4:05  Marine  
  29  4:08  Marine x2  
  32  4:13  Marine  
  33  4:23  Marine  
  34  4:26  Marine x2  
  34  4:27  Marine x2  
  34  4:31  Marine  
  38  4:41  Marine  
  38  4:44  Marine x2  
  38  4:45  Marine  
  42  4:49  Marine  
  42  4:58  Marine  
  41  5:06  Marine  
  38  5:16  Marine  
Show
View Real Time Build Order
Export as new Build Order

fruitcake Terran - Winner!

Build Orders:  

Get SALT Encoding   

  12  0:01  SCV  
  13  0:13  Supply Depot  
  13  0:19  SCV  
  14  0:31  SCV  
  15  0:39  Barracks  
  15  0:45  Refinery  
  15  0:54  SCV  
  16  1:06  SCV  
  16  1:08  Supply Depot  
  17  1:18  SCV  
  18  1:23  Barracks  
  18  1:26  Marine  
  18  1:30  SCV  
  20  1:34  Refinery  
  20  1:42  SCV  
  20  1:44  Marine  
  22  1:54  SCV  
  22  2:00  Supply Depot  
  23  2:11  Barracks Tech Lab, Barracks Reactor  
  23  2:26  Command Center  
  23  2:35  Marauder  
  25  2:44  Engineering Bay  
  25  2:48  SCV  
  25  2:49  Marine  
  25  2:51  Marine  
  28  3:01  Orbital Command  
  28  3:07  Marine  
  28  3:11  Marauder  
  31  3:20  Supply Depot  
  31  3:24  Marine  
  31  3:25  Marine  
  33  3:32  Terran Infantry Weapons Level 1  
  33  3:37  SCV  
  33  3:40  Marine  
  33  3:42  Marine  
  33  3:47  Marine  
  35  3:58  Marine  
  35  4:00  Marine  
  37  4:04  Marine  
  38  4:17  Marauder  
  40  4:18  Marine  
  40  4:20  Supply Depot  
  40  4:22  Marine  
  42  4:36  Marine  
  42  4:38  Marauder  
  45  4:40  Marine  
  34  4:53  Marine  
  34  4:58  Marine  
  34  4:59  Marauder  
  28  5:11  Marine  
  28  5:14  SCV  
  30  5:16  Marine  
  30  5:21  Marauder  
  31  5:22  SCV  
  31  5:29  Marine  
  31  5:33  Marine  
  31  5:34  SCV  
  36  5:49  SCV  
Tags
 
League
Gold
Matchup
TvT
Race
Terran
Spawn Locations
Cross Positions
Add a new tag
Caveats
  • Supply blocks, unpowered buildings, or Contaminate may cause inaccurate times.
  • Supply counts are checked every 10 seconds.